 Dungeon Crawl Stone Soup version 0.27-a0-1278-g6cbc8dfb29 (webtiles) character file.

Game seed: 1324308771980548532

10351 Zonian the Destroyer (level 11, 0/81 HPs)
             Began as a Human Conjurer on June 13, 2021.
             Was a High Priest of Uskayaw.
             Shot with an arrow by a centaur (6 damage)
             ... on level 10 of the Dungeon.
             The game lasted 00:29:54 (18422 turns).

Zonian the Destroyer (Human Conjurer)              Turns: 18422, Time: 00:29:55

Health: 0/81       AC: 12    Str: 13    XL:     11   Next: 91%
Magic:  4/21       EV: 14    Int: 21    God:    Uskayaw [*****.]
Gold:   205        SH:  0    Dex: 13    Spells: 16/23 levels left

rFire    . . .     SeeInvis .   z - +0 dagger (elec)
rCold    . . .     Faith    .   (no shield)
rNeg     . . .     Spirit   .   d - +2 robe {Archmagi}
rPois    .         Reflect  .   J - +1 helmet
rElec    .         Harm     .   o - +2 cloak
rCorr    .         Rampage  .   K - +2 pair of gloves
Will     +....                  (no boots)
Stlth    +++.......             b - amulet of magic regeneration
HPRegen  0.23/turn              c - +6 ring of strength
MPRegen  0.42/turn              w - ring of willpower

@: no status effects
A: no striking features
a: Renounce Religion, Stomp, Line Pass, Grand Finale


You were on level 10 of the Dungeon.
You worshipped Uskayaw.
Uskayaw was noncommittal.
You visited 1 branch of the dungeon, and saw 10 of its levels.

You collected 610 gold pieces.
You spent 405 gold pieces at shops.

Inventory:

Hand Weapons
 h - a +3 hunting sling of flaming
 k - a +0 short sword
 t - the +4 whip of Tension {vorpal, +Blink rF+ rC+}
   (You bought it in a shop on level 2 of the Dungeon)

   It inflicts extra damage upon your enemies.
   It protects you from fire.
   It protects you from cold.
   It lets you blink.
 x - a +3 vorpal war axe
 z - a +0 dagger of electrocution (weapon)
 C - the +1 mace of Zuny {freeze, Drain Will+ Int+4}
   (You found it on level 6 of the Dungeon)

   It has been specially enchanted to freeze those struck by it, causing extra
   injury to most foes and up to half again as much damage against particularly
   susceptible opponents.
   It can also slow down cold-blooded creatures.
   It affects your intelligence (+4).
   It drains your maximum health when unequipped.
   It increases your willpower.
 E - a +5 battleaxe
 F - a +4 short sword
 O - the +10 dark maul {vorpal}
   (You took it off a two-headed ogre on level 9 of the Dungeon)

   It inflicts extra damage upon your enemies.
Missiles
 l - 8 javelins
 u - 3 boomerangs of dispersal
 G - 53 poisoned darts
 M - 22 sling bullets
Armour
 a - a +1 robe
 d - a +2 robe of the Archmagi (worn)
 o - a +2 cloak (worn)
 s - a +0 pair of gloves
 y - +0 acid dragon scales
 J - a +1 helmet (worn)
 K - a +2 pair of gloves (worn)
Jewellery
 b - an amulet of magic regeneration (around neck)
 c - a +6 ring of strength (left hand)
 w - a ring of willpower (right hand)
 I - a ring of see invisible
Wands
 e - a wand of digging (4)
 r - a wand of acid (1)
 B - a wand of flame (29)
 L - a wand of iceblast (8)
 Q - a wand of charming (6)
Scrolls
 f - 2 scrolls of vulnerability
 g - 6 scrolls of teleportation
 m - 3 scrolls of amnesia
 n - a scroll of fear
Potions
 j - 3 potions of brilliance
 p - 2 potions of might
 q - a potion of invisibility
 v - 2 potions of attraction {unknown}
 A - 2 potions of curing
 D - 2 potions of berserk rage
 H - 2 potions of ambrosia
 N - 2 potions of heal wounds
 P - a potion of lignification {unknown}


   Skills:
 + Level 6.1 Fighting
 - Level 0.9 Short Blades
 + Level 5.8 Maces & Flails
 + Level 6.6 Dodging
 + Level 7.2 Stealth
 - Level 0.9 Unarmed Combat
 + Level 6.6 Spellcasting
 + Level 8.4 Conjurations
 + Level 4.9 Translocations
 + Level 6.4 Invocations
 + Level 0.9 Evocations


You had 16 spell levels left.
You knew the following spells:

 Your Spells              Type           Power      Damage    Failure   Level
a - Magic Dart            Conj           100%       1d8       1%          1
b - Searing Ray           Conj           100%       3d7       1%          2
c - Iskenderun's Mystic   Conj/Tloc      51%        2d11      6%          4

Your spell library contained the following spells:

 Spells                   Type           Power      Damage    Failure   Level
 Dazzling Flash           Conj/Hex       74%        N/A       4%          3
 Fulminant Prism          Conj/Hex       18%        3d11      16%         4


Dungeon Overview and Level Annotations

Branches:
Dungeon (10/15)            Temple (0/1) D:6
   Lair: D:8-11         Orc: D:9-12

Altars:
Gozag
Makhleb
Okawaru
Ru
Trog
Uskayaw
Vehumet
Wu Jian
Xom
Yredelemnul

Shops:
D:2 (   D:6 *   D:7 [

Annotations:
D:9 2 runed translucent doors


Message History

As you read the scroll of fog, it crumbles to dust.
The scroll dissolves into smoke.
Casting: Iskenderun's Mystic Blast (dangerous; 6% risk of failure)
Confirm with . or Enter, or press ? or * to list all spells.
You feel a surge of power!
You erupt in a blast of force!
The mystic blast hits the +0 quarterstaff of chaos.
The +0 quarterstaff of chaos is severely damaged.
The +0 quarterstaff of chaos is knocked back by the mystic blast.
The +0 quarterstaff of chaos hits you.
* * * LOW HITPOINT WARNING * * *
The +0 quarterstaff of chaos freezes you.
* * * LOW HITPOINT WARNING * * *
Casting: Iskenderun's Mystic Blast (dangerous; 6% risk of failure)
Confirm with . or Enter, or press ? or * to list all spells.
You feel a surge of power!
You erupt in a blast of force!
The mystic blast hits the +0 quarterstaff of chaos but does no damage.
The +0 quarterstaff of chaos is severely damaged.
The gargoyle is no longer sharing its pain.
The +0 quarterstaff of chaos hits you but does no damage.
Casting: Iskenderun's Mystic Blast (dangerous; 6% risk of failure)
Confirm with . or Enter, or press ? or * to list all spells.
Okay, then.
Casting: Iskenderun's Mystic Blast (dangerous; 6% risk of failure)
Confirm with . or Enter, or press ? or * to list all spells.
You feel a surge of power!
You erupt in a blast of force!
The mystic blast hits the gargoyle!
The gargoyle is heavily damaged.
The mystic blast hits the +0 quarterstaff of chaos!
The +0 quarterstaff of chaos falls from the air.
You can now merge with and destroy a victim.
Okay, then.
Aiming: Corrosive Bolt
Press: ? - help, Shift-Dir - straight line, f - centaur
Aim: a centaur, wielding a +0 shortbow and quivering arrows (grey smoke, 83% to hit)
The bolt of acid hits the centaur!
The centaur is splashed with acid.
The acid corrodes the centaur!
The centaur is severely wounded.
The centaur shoots an arrow.
The arrow misses you.
The centaur shoots an arrow.
The arrow hits you.
You die...

.# #.###..# .# ##.....#
.# ##.....## .##
##.......##
..#####.........##
...........<###..## .
...##......##.##§§####..
..###......#/_.#§§§.....
.## #......##'##@§§.....
.####........§§§§§§.....
..##....##..§9.§§§c.....
........#....§§§...§....
............##..........
.....#.....#######......
.....##...## #.....
.........## ....c
.........# .....


You could see a gargoyle and a centaur (corroded).

Vanquished Creatures
  3 two-headed ogres (D:9)
  A dancing weapon (D:10)
  The ghost of Eryximachus the Zephyrmancer, a novice TeAE of Sif Muna (D:10)
  Pikel (D:5)
  An ugly thing (D:9)
  Maggie (D:6)
  2 hornets (D:9)
  Prince Ribbit (D:8)
  13 yaks
  Eustachio (D:6)
  A steam dragon (D:5)
  Edmund (D:6)
  2 acid dragons
  2 orc warriors (D:9)
  2 water moccasins (D:7)
  2 sky beasts (D:5)
  3 ice beasts
  3 ogres
  A phantom (D:7)
  A kobold brigand (D:9)
  A lemure (D:5)
  3 bullfrogs
  A scorpion (D:4)
  2 wyvern skeletons
  3 killer bees (D:7)
  3 wights (D:8)
  4 howler monkeys
  2 bullfrog zombies
  Crazy Yiuf (D:6)
  6 jellies
  6 orc priests
  A gnoll shaman (D:6)
  3 hounds
  A bullfrog skeleton (D:6)
  3 iguanas
  8 orc wizards
  2 hound skeletons (D:4)
  A howler monkey zombie (D:6)
  9 gnolls
  5 adders
  2 shadow imps (D:7)
  2 white imps (D:7)
  3 worms
  2 dart slugs
  24 orcs
  4 endoplasms
  3 giant cockroaches
  3 goblins
  10 hobgoblins
  6 jackals
  14 kobolds
  3 quokkas
  5 ball pythons
  2 bats
  7 frilled lizards
  5 rats (D:2)
203 creatures vanquished.

Vanquished Creatures (others)
  A plant (D:6)
1 creature vanquished.

Grand Total: 204 creatures vanquished

Notes
Turn   | Place    | Note
-------+----------+-------------------------------------------
     0 | D:1      | Zonian the Human Conjurer began the quest for the Orb.
     0 | D:1      | Reached XP level 1. HP: 13/13 MP: 3/3
   608 | D:1      | Reached XP level 2. HP: 7/19 MP: 1/5
  1545 | D:1      | Found a faded altar of an unknown god.
  1583 | D:1      | Became a worshipper of Uskayaw the Reveller
  1583 | D:1      | Reached * piety under Uskayaw
  1670 | D:2      | Reached ** piety under Uskayaw
  1757 | D:2      | Reached XP level 3. HP: 24/24 MP: 4/6
  1847 | D:2      | Found Tetei's Antique Weapon Emporium.
  3287 | D:3      | Reached XP level 4. HP: 30/30 MP: 0/7
  3454 | D:3      | Learned a level 2 spell: Searing Ray
  3890 | D:3      | Found an ornate altar of the Wu Jian Council.
  4160 | D:3      | Reached skill level 5 in Conjurations
  4161 | D:3      | Reached *** piety under Uskayaw
  4172 | D:3      | Reached XP level 5. HP: 11/35 MP: 1/9
  4458 | D:4      | Found a radiant altar of Vehumet.
  4550 | D:4      | Reached XP level 6. HP: 41/41 MP: 6/10
  5257 | D:4      | Identified the +1 robe of the Arcane {Will+}
  5345 | D:2      | Bought a twisted whip for 210 gold pieces
  5345 | D:2      | Identified the +4 whip of Tension {vorpal, +Blink rF+ rC+}
                  | (You bought it in a shop on level 2 of the Dungeon)
  5627 | D:4      | Reached skill level 1 in Fighting
  5627 | D:4      | Reached XP level 7. HP: 48/48 MP: 9/12
  5757 | D:4      | Found an opulent altar of Gozag.
  6001 | D:5      | Entered Level 5 of the Dungeon
  6001 | D:5      | Noticed a steam dragon
  6008 | D:5      | Killed a steam dragon
  6336 | D:5      | Reached skill level 1 in Maces & Flails
  6336 | D:5      | Reached skill level 6 in Conjurations
  6336 | D:5      | Reached skill level 1 in Invocations
  6559 | D:5      | Found a sacrificial altar of Ru.
  6679 | D:5      | Reached XP level 8. HP: 50/56 MP: 10/14
  7075 | D:5      | Noticed Pikel
  7090 | D:5      | Killed Pikel
  7091 | D:5      | Reached XP level 9. HP: 9/63 MP: 11/16
  7868 | D:5      | Learned a level 4 spell: Iskenderun's Mystic Blast
  8313 | D:6      | Noticed Eustachio
  8373 | D:6      | Noticed Edmund
  8383 | D:6      | Reached **** piety under Uskayaw
  9065 | D:6      | Killed Eustachio
  9066 | D:6      | Reached skill level 1 in Translocations
  9106 | D:6      | Reached skill level 5 in Stealth
  9119 | D:6      | Reached skill level 5 in Spellcasting
  9266 | D:6      | Found Koixyeh's Mayhem Merchandise.
  9538 | D:6      | Killed Edmund
  9609 | D:6      | Noticed Maggie
  9840 | D:6      | Reached skill level 7 in Conjurations
 10273 | D:6      | Found a staircase to the Ecumenical Temple.
 10321 | D:6      | Killed Maggie
 10570 | D:6      | Reached skill level 5 in Dodging
 10570 | D:6      | Reached XP level 10. HP: 61/71 MP: 11/17
 11116 | D:6      | Found a runed translucent door.
 11117 | D:6      | Noticed Crazy Yiuf
 11123 | D:6      | Killed Crazy Yiuf
 11128 | D:6      | Identified the +1 mace of Zuny {freeze, Drain Will+ Int+4}
 11360 | D:6      | Found a bloodstained altar of Trog.
 11468 | D:6      | Found an iron altar of Okawaru.
 11613 | D:7      | Found Orhezuc's Antique Armour Emporium.
 11655 | D:7      | You fall into a shaft and drop 2 floors!
 11656 | D:9      | Noticed a purple ugly thing
 11931 | D:9      | Found a large runed translucent door.
 11932 | D:9      | Found a large runed translucent door.
 11936 | D:9      | Noticed a purple ugly thing
 11937 | D:9      | Found a shimmering altar of Xom.
 11937 | D:9      | Noticed a white ugly thing
 11937 | D:9      | Identified the +9 dagger of the Dripping Seeker {chaos,
                  | rPois rN+ Will+ Str-3}
 11937 | D:9      | Identified the +2 robe of the Zebra {+Inv Int+3 Dex-3}
 11937 | D:9      | Noticed a kobold demonologist
 14496 | D:8      | Reached skill level 5 in Invocations
 14505 | D:8      | Reached ***** piety under Uskayaw
 14511 | D:8      | Noticed Prince Ribbit
 14522 | D:8      | Reached ****** piety under Uskayaw
 14524 | D:8      | Killed Prince Ribbit
 14708 | D:8      | Reached skill level 5 in Fighting
 15425 | D:6      | Bought a wand of iceblast (9) for 195 gold pieces
 15543 | D:9      | Paralysed by a hornet for 3 turns
 15957 | D:9      | Found a burning altar of Makhleb.
 16162 | D:9      | Killed a purple ugly thing
 16163 | D:9      | Reached XP level 11. HP: 67/80 MP: 10/20
 16401 | D:9      | Reached skill level 5 in Maces & Flails
 16411 | D:9      | Reached skill level 8 in Conjurations
 17008 | D:9      | Noticed a two-headed ogre
 17016 | D:9      | Noticed a two-headed ogre
 17024 | D:9      | Killed a two-headed ogre
 17313 | D:9      | Noticed a two-headed ogre
 17329 | D:9      | Killed a two-headed ogre
 17687 | D:9      | Killed a two-headed ogre
 18284 | D:9      | Found a basalt altar of Yredelemnul.
 18371 | D:10     | Entered Level 10 of the Dungeon
 18395 | D:10     | Found a runed translucent door.
 18399 | D:10     | Found a shimmering altar of Xom.
 18399 | D:10     | Noticed Eryximachus's ghost (novice TeAE)
 18400 | D:10     | Noticed a +0 quarterstaff of chaos
 18414 | D:10     | Killed Eryximachus's ghost
 18421 | D:10     | Killed a +0 quarterstaff of chaos
 18422 | D:10     | Shot with an arrow by a centaur

Illustrated notes

Levels and vault maps discovered:
D:1:      dpeg_arrival_rooms_c, layout_basic,
          shapermc_ecumenical_altar_mp_vishouse
D:2:      layout_loops_ring, serial_shops, shop
D:3:      layout_basic, nicolae_overflow_crystal_walls
D:4:      layout_rooms, lemuel_doored_altar, nicolae_gozag_seed_capital
D:5:      layout_basic, nicolae_ru_sacrificial_ziggurat, kennysheep_minor_cross,
          kennysheep_doodads, uniq_pikel
D:6:      corexii_shack_village, layout_cave_pools,
          grunt_temple_overflow_bloody_war, temple_statues,
          kennysheep_pointless_box, minmay_shop_mayhem, uniq_crazy_yiuf_cottage,
          uniq_maggie, uniq_eustachio, uniq_edmund
D:7:      layout_gridville, serial_shops, nicolae_shop_statue_plus,
          hangedman_abyss_or_decor_passed
D:8:      layout_rooms, uniq_prince_ribbit1
D:9:      due_chaos_kobolds, layout_basic, lemuel_coloured_pillars_altar,
          nicolae_overflow_hidden_temple, palyth_stone_intersect,
          hellmonk_guarded_unrand_dark_maul
D:10:     layout_layer_cave, nicolae_dithmenos_shadow_blocks,
          nicolae_kikubaaqudgha_miasma_corner, lair_entry_dummy,
          ebering_ghost_xom

Skill      XL: |  1  2  3  4  5  6  7  8  9 10 11 |
---------------+----------------------------------+-----
Conjurations   | 5 6 7 8 |  8.4
Spellcasting   | 3 4 5 6 |  6.6
Stealth        | 3 4 5 6 7 |  7.2
Fighting       | 1 2 3 4 5 6 |  6.1
Dodging        | 3 4 5 6 |  6.6
Maces & Flails | 1 2 3 4 5 |  5.8
Invocations    | 1 3 4 5 6 |  6.4
Translocations | 2 3 4 |  4.9
Short Blades   | |  0.9
Unarmed Combat | |  0.9
Evocations     | |  0.9

Action                   |  1- 3 |  4- 6 |  7- 9 | 10-12 || total
-------------------------+-------+-------+-------+-------++-------
Melee: Unarmed           |    14 |       |       |       ||    14
       Short sword       |     1 |    13 |       |       ||    14
       Whip              |       |     8 |    95 |   149 ||   252
       Dagger            |       |       |       |    22 ||    22
 Cast: Magic Dart        |    73 |    51 |   111 |   115 ||   350
       Searing Ray       |       |    11 |    20 |    25 ||    56
       Iskenderun's Myst |       |       |       |     8 ||     8
Invok: Line Pass         |       |       |     2 |     2 ||     4
       Stomp             |       |       |       |     1 ||     1
Evoke: Wand              |       |       |       |     2 ||     2
  Use: Scroll            |     2 |     3 |     7 |     9 ||    21
       Potion            |       |     1 |     2 |     1 ||     4
 Stab: Paralysed         |       |     1 |     6 |    10 ||    17
       Sleeping          |       |       |     5 |     3 ||     8
Armor: Robe              |     1 |    13 |    31 |    59 ||   104
Dodge: Dodged            |    12 |     9 |    67 |   134 ||   222

Table legend: (Time is in decaauts)
 A = Elapsed time spent in this place.
 B = Non-inter-level travel time spent in this place.
 C = Inter-level travel time spent in this place.
 D = Time resting spent in this place.
 E = Time spent auto-exploring this place.
 F = Levels seen in this place.
 G = Mean time per level.
                   A        B        C        D        E       F      G
               +--------+--------+--------+--------+--------+-----+--------+
         Total |  18430 |  17632 |    798 |  10246 |   5161 |  10 | 1843.0 |
       Dungeon |  18430 |  17632 |    798 |  10246 |   5161 |  10 | 1843.0 |
               +--------+--------+--------+--------+--------+-----+--------+

Top non-repeatable levels by time:
     D:5: 3473 daAuts
     D:9: 2939 daAuts
     D:7: 2055 daAuts
     D:4: 1987 daAuts
     D:8: 1729 daAuts
     D:6: 1653 daAuts
     D:2: 1634 daAuts
     D:1: 1596 daAuts
     D:3: 1311 daAuts
    D:10: 50 daAuts
